 Dungeon Crawl Stone Soup version 0.29-a0-1043-g569b05d6ff (webtiles) character file.

Game seed: 8959851232371908063

647 pyrow613 the Trooper (level 7, -15/62 HPs)
             Began as a Pale Draconian Monk on Aug 15, 2022.
             Was a Follower of Ru.
             Demolished by Duvessa
             ... wielding a +0 rapier
              (18 damage)
             ... on level 4 of the Dungeon.
             The game lasted 00:22:00 (5353 turns).

pyrow613 the Trooper (Pale Draconian Monk)          Turns: 5353, Time: 00:22:02

Health: -15/62     AC:  7    Str: 16    XL:     7   Next: 27%
Magic:  7/7        EV: 12    Int: 10    God:    Ru [*.....]
Gold:   179        SH:  4    Dex: 13    Spells: 6/6 levels left

rFire   . . .      SeeInvis .   a - +0 spear
rCold   . . .      Faith    .   e - +0 buckler
rNeg    . . .      Spirit   .   (body armour unavailable)
rPois   .          Reflect  .   (helmet restricted)
rElec   .          Harm     .   (no cloak)
rCorr   .          Rampage  .   s - +0 pair of gloves
Will    .....                   (no boots)
Stlth   ++........              (no amulet)
HPRegen 0.20/turn               (no ring)
MPRegen 0.10/turn               (no ring)

@: short of breath
A: breathe steam, AC +6, unfitting armour, cold-blooded, hated by all, steam
resistance
a: Breathe Steam, Renounce Religion


You were on level 4 of the Dungeon.
You worshipped Ru.
Ru was aware of your devotion.
You visited 2 branches of the dungeon, and saw 5 of its levels.

You collected 179 gold pieces.

Inventory:

Hand Weapons
 a - a +0 spear (weapon)
 g - a +1 dagger of flaming
 q - a +0 trident
Missiles
 m - 4 boomerangs
 n - 19 stones
 u - 7 poisoned darts (quivered)
Armour
 e - a +0 buckler (worn)
 s - a +0 pair of gloves (worn)
 w - a +0 pair of boots
Magical Staves
 o - a staff of fire
Jewellery
 v - a ring of ice
Scrolls
 i - 2 scrolls of teleportation {unknown}
 j - a scroll of amnesia {unknown}
 k - a scroll of summoning {unknown}
 l - 2 scrolls of magic mapping {unknown}
Potions
 b - a potion of ambrosia
 c - a potion of brilliance
 h - 2 potions of flight
 p - 2 potions of attraction {unknown}
 r - a potion of might {unknown}
 t - a potion of resistance {unknown}


   Skills:
 * Level 5.7 Fighting
 * Level 5.2 Polearms
 + Level 3.8 Dodging
 + Level 3.3 Stealth
 + Level 2.5 Shields


You had 6 spell levels left.
You didn't know any spells.
Your spell library contained the following spells:

 Spells                   Type           Power      Damage    Failure   Level
 Slow                     Hex            0%         N/A       45%         1
 Sting                    Tmut/Pois      0%         1d3       45%         1
 Poisonous Vapours        Pois/Air       0%         N/A       58%         2
 Confusing Touch          Hex            0%         N/A       83%         3
 Vampiric Draining        Necr           0%         2d6       83%         3
 Olgreb's Toxic Radiance  Pois           0%         N/A       99%         4


Dungeon Overview and Level Annotations

Branches:
Dungeon (4/15)             Temple (1/1) D:4

Altars:
Kikubaaqudgha
Nemelex Xobeh
Qazlal
Ru
Sif Muna
Trog
Uskayaw
Vehumet
Wu Jian

Shops:
D:3 (

Annotations:
D:4 exclusion: orc wizard, Duvessa, Eustachio


Innate Abilities, Weirdness & Mutations

You can breathe blasts of scalding, opaque steam.
Your pale cyan-grey scales are hard. (AC +6)
You cannot fit into any form of body armour.
You are cold-blooded and may be slowed by cold attacks.
You are hated by all.
You are immune to the effects of steam.


Message History

You have got your breath back.
Duvessa hits you with a +0 rapier. x2
You feel less invigorated.
You feel less confused. You block Duvessa's attack.
Aiming: Breathe Steam (1% risk of failure)
Press: ? - help, Shift-Dir - straight line, f/p - Duvessa
Aim: Duvessa, wielding a +0 rapier and wearing a +3 chain mail of poison resistance (heavily wounded, berserk, 83% to hit)
You exhale a blast of scalding steam.
The ball of steam hits Duvessa but does no damage.
Duvessa is heavily wounded.
Duvessa barely misses you.
Duvessa is engulfed in a cloud of scalding steam.
Duvessa hits you with a +0 rapier!
Unknown command.
You hit Duvessa but do no damage.
Duvessa is heavily wounded.
Duvessa is engulfed in a cloud of scalding steam.
Duvessa misses you.
You hit Duvessa but do no damage.
Duvessa is severely wounded.
Duvessa hits you with a +0 rapier!
* * * LOW HITPOINT WARNING * * *
Duvessa is engulfed in a cloud of scalding steam.
Duvessa barely misses you.
You hit Duvessa but do no damage.
Duvessa is severely wounded.
Duvessa hits you with a +0 rapier!
* * * LOW HITPOINT WARNING * * *
You hit Duvessa but do no damage.
Duvessa is severely wounded.
Duvessa is engulfed in a cloud of scalding steam.
You block Duvessa's attack.
You hit Duvessa but do no damage.
You tail-slap Duvessa, but do no damage.
Duvessa is severely wounded.
Duvessa closely misses you.
Duvessa is engulfed in a cloud of scalding steam.
Duvessa hits you with a +0 rapier!!
You die...

# #.# ##...# #.# # #.#
#....######o# ########.##
####.##..(.[oo#
..........###.#.[.#.(######
.)..............>....#
.########.###.#.[.#.## .#
#.# ####.#### .# #.# #.e..#
## #.# ##@#.# #.# #...# #.#
###.# #.# .# #


You could see Duvessa (berserk).

Vanquished Creatures
  An ice beast (D:4)
  Blork the orc (D:4)
  Dowan (D:4)
  A hound (D:4)
  A jelly (D:4)
  2 orc priests (D:3)
  Jessica (D:2)
  4 orc wizards
  3 adders (D:3)
  7 gnolls
  A worm (D:2)
  A dart slug (D:2)
  12 orcs
  8 ball pythons
  5 endoplasms
  2 giant cockroaches (D:1)
  7 goblins
  6 hobgoblins
  2 jackals (D:2)
  10 kobolds
  7 quokkas
  7 bats
  4 frilled lizards
  9 rats
103 creatures vanquished.

Vanquished Creatures (others)
  43 plants
43 creatures vanquished.

Grand Total: 146 creatures vanquished

Notes
Turn   | Place    | Note
-------+----------+-------------------------------------------
     0 | D:1      | pyrow613 the Draconian Monk began the quest for the Orb.
     0 | D:1      | Reached XP level 1. HP: 19/19 MP: 1/1
   377 | D:1      | Reached XP level 2. HP: 26/26 MP: 2/2
   846 | D:1      | Reached XP level 3. HP: 30/33 MP: 3/3
   904 | D:1      | Found a faded altar of an unknown god.
  1545 | D:2      | Noticed Jessica
  1577 | D:2      | Killed Jessica
  1578 | D:2      | Reached skill level 1 in Shields
  1578 | D:2      | Reached XP level 4. HP: 22/40 MP: 4/4
  1757 | D:1      | HP: 1/40 [gnoll/+0 whip (8)]
  2687 | D:3      | Reached XP level 5. HP: 42/47 MP: 5/5
  3273 | D:3      | Found Icupelae's Weapon Emporium.
  3906 | D:3      | Reached XP level 6. HP: 30/55 MP: 6/6
  4189 | D:4      | Noticed Eustachio
  4218 | D:4      | Reached skill level 5 in Fighting
  4290 | D:4      | Found a staircase to the Ecumenical Temple.
  4297 | D:4      | Noticed Blork the orc
  4300 | Temple   | Entered the Ecumenical Temple
  4333 | Temple   | Became a worshipper of Ru the Awakened
  4335 | Temple   | Gained mutation: You are hated by all. [Ru sacrifice]
  4335 | Temple   | Reached * piety under Ru
  4371 | D:4      | Killed Blork the orc
  4546 | D:4      | Noticed Duvessa
  4552 | D:4      | Noticed an ice beast
  5000 | D:4      | Reached skill level 5 in Polearms
  5266 | D:4      | Noticed Dowan
  5290 | D:4      | Killed Dowan
  5291 | D:4      | Your scales start taking on a pale cyan-grey colour.
  5291 | D:4      | Reached XP level 7. HP: 56/61 MP: 7/7
  5291 | D:4      | Gained mutation: You are immune to the effects of steam.
                  | [Pale Draconian growth]
  5351 | D:4      | HP: 3/62 [Duvessa/+0 rapier (9)]
  5353 | D:4      | Demolished by Duvessa

Illustrated notes

Levels and vault maps discovered:
D:1:      kennysheep_arrival_forest, layout_basic,
          chequers_ecumenical_altar_island, minmay_surrounded
D:2:      layout_basic, hangedman_abyss_or_decor_stabs, uniq_jessica
D:3:      layout_basic, serial_shops, shop_fountains, serial_bayou,
          serial_bayou_lagoon_a, serial_bayou_pond_b, serial_bayou_pond_c,
          serial_bayou_pond_e, serial_bayou_pond_a, serial_bayou_shore_a
D:4:      layout_loops_ring, minmay_temple_entry_gardened_gates,
          uniq_blork_the_orc, uniq_eustachio, uniq_duvessa
Temple:   nicolae_temple_bog_church

Skill      XL: |  1  2  3  4  5  6 |
---------------+-------------------+-----
Stealth        | 2 3 |  3.3
Fighting       | 4 5 |  5.7
Dodging        | 3 |  3.8
Shields        | 1 2 |  2.5
Polearms       | 4 5 |  5.2

Action                   |  1- 3 |  4- 6 |  7- 9 || total
-------------------------+-------+-------+-------++-------
Melee: Spear             |   133 |   363 |    15 ||   511
       Tailslap          |    10 |    35 |     2 ||    47
Throw: Stone             |    12 |    11 |       ||    23
       Dart              |       |     8 |       ||     8
Invok: Sacrifice Love    |       |     1 |       ||     1
 Abil: Breathe Steam     |       |       |     4 ||     4
  Use: Potion            |       |     1 |     2 ||     3
       Scroll            |       |     5 |       ||     5
 Stab: Sleeping          |     5 |     5 |       ||    10
Armor: Skin              |    30 |    75 |     1 ||   106
Dodge: Dodged            |    53 |   141 |    11 ||   205
Block: Buckler           |     3 |    61 |     3 ||    67

Table legend: (Time is in decaauts)
 A = Elapsed time spent in this place.
 B = Non-inter-level travel time spent in this place.
 C = Inter-level travel time spent in this place.
 D = Time resting spent in this place.
 E = Time spent auto-exploring this place.
 F = Levels seen in this place.
 G = Mean time per level.
                   A        B        C        D        E       F      G
               +--------+--------+--------+--------+--------+-----+--------+
         Total |   5374 |   5258 |    116 |   1763 |   2225 |   5 | 1074.8 |
       Dungeon |   5306 |   5208 |     98 |   1763 |   2192 |   4 | 1326.5 |
        Temple |     67 |     49 |     18 |      0 |     33 |   1 |   67.0 |
               +--------+--------+--------+--------+--------+-----+--------+

Top non-repeatable levels by time:
     D:3: 2072 daAuts
     D:1: 1377 daAuts
     D:2: 982 daAuts
     D:4: 874 daAuts
  Temple: 67 daAuts
